 Dungeon Crawl Stone Soup version 0.30-a0-347-gf58ed5266c (webtiles) character file.

Game seed: 10008763150932078468

703 Conn the Sneak (level 7, 0/43 HPs)
             Began as an Octopode Fire Elementalist on Nov 6, 2022.
             Slain by an orc warrior
             ... wielding a +0 dire flail
              (19 damage)
             ... on level 5 of the Dungeon.
             The game lasted 00:08:56 (4703 turns).

Conn the Sneak (Octopode Fire Elementalist)         Turns: 4703, Time: 00:09:00

Health: 0/43       AC:  1    Str:  8    XL:     7   Next: 66%
Magic:  1/13       EV: 13    Int: 19    God:
Gold:   168        SH:  0    Dex: 12    Spells: 5/14 levels left

rFire   . . .      SeeInvis .    u - +9 whip of Baosuapu {venom, Will+}
rCold   + . .      Faith    .    (no shield)
rNeg    . . .      Spirit   .    (helmet restricted)
rPois   .          Reflect  .    (no amulet)
rElec   .          Harm     .    t - ring of wizardry
rCorr   .          Rampage  .    x - ring of protection from cold
Will    +....                    (no ring)
Stlth   ++++......               (no ring)
HPRegen 0.27/turn                (no ring)
MPRegen 0.13/turn                (no ring)
                                 (no ring)
                                 (no ring)

@: no status effects
A: almost no armour, amphibious, 8 rings, camouflage 1, gelatinous body 1,
(nimble swimmer 1), tentacles
a: no special abilities


You were on level 5 of the Dungeon.
You visited 1 branch of the dungeon, and saw 5 of its levels.

You collected 168 gold pieces.

Inventory:

Hand Weapons
 c - a +0 dagger
 q - a +0 rapier of flaming
 u - the +9 whip of Baosuapu (weapon) {venom, Will+}
   (You found it on level 3 of the Dungeon)

   It poisons the flesh of those it strikes.
   Will:      It increases your willpower.
Missiles
 m - 2 throwing nets
 A - 6 datura-tipped darts
Jewellery
 t - a ring of wizardry (left tentacle)
 x - a ring of protection from cold (right tentacle)
Wands
 y - a wand of paralysis (9)
Scrolls
 d - 2 scrolls of identify {unknown}
 e - a scroll of immolation {unknown}
 f - a scroll of poison {unknown}
 g - a scroll of butterflies {unknown}
 h - a scroll of summoning {unknown}
 i - a scroll of vulnerability {unknown}
 j - a scroll of silence {unknown}
 n - 4 scrolls of teleportation {unknown}
 o - a scroll of noise {unknown}
 p - a scroll of magic mapping {unknown}
 s - a scroll of acquirement {unknown}
Potions
 a - a potion of magic
 b - 2 potions of haste
 k - a potion of attraction {unknown}
 l - 2 potions of mutation {unknown}
 r - a potion of might {unknown}
 v - a potion of brilliance {unknown}
 w - 3 potions of curing {unknown}
 z - a potion of ambrosia {unknown}


   Skills:
 + Level 1.6 Fighting
 + Level 2.1 Short Blades
 + Level 1.9 Maces & Flails
 + Level 2.4 Dodging
 + Level 5.1 Stealth
 + Level 4.0 Spellcasting
 + Level 2.9 Conjurations
 + Level 4.9 Fire Magic


You had 5 spell levels left.
You knew the following spells:

 Your Spells              Type           Power      Damage    Failure   Level
a - Foxfire               Conj/Fire      72%        2x1d7     1%          1
b - Kindle Blastsparks    Fire/Tloc/Air  20%        2d11      9%          3
c - Inner Flame           Hex/Fire       13%        N/A       6%          3
e - Scorch                Fire           44%        2d7       1%          2

Your spell library contained the following spells:

 Spells                   Type           Power      Damage    Failure   Level
 Kiss of Death            Conj/Necr      36%        2d8       3%          1
 Ensorcelled Hibernation  Hex/Ice        6%         N/A       9%          2
 Passwall                 Tmut/Erth      2%         N/A       9%          2
 Flame Wave               Conj/Fire      18%        2d7       11%         4
 Confusing Touch          Hex            3%         N/A       16%         3
 Swiftness                Air            3%         N/A       16%         3
 Dispel Undead            Necr           3%         3d7       45%         4


Dungeon Overview and Level Annotations

Branches:
Dungeon (5/15)
 Temple: D:4-7

Altars:
Dithmenos
Nemelex Xobeh
Ru


Innate Abilities, Weirdness & Mutations

You cannot wear most types of armour.
You are amphibious.
You can wear up to eight rings at the same time.
Your skin changes colour to match your surroundings (Stealth+).
Your rubbery body absorbs attacks. (AC +1, EV +1)
((You are camouflaged when in or above water. (Stealth+)))
You have tentacles for arms and can constrict up to eight enemies at once.


Message History

You feel less confused. The orc warrior barely misses you.
You hit the orc warrior but do no damage.
The orc warrior is poisoned.
You grab the orc warrior.
You squeeze the orc warrior, but do no damage.
You constrict the orc warrior, but do no damage.
The orc warrior struggles to escape constriction.
The orc wizard gestures wildly while chanting.
The orc wizard flickers and vanishes!
Deactivating autopickup; reactivate with Ctrl-A.
You miss something.
You constrict the orc warrior, but do no damage.
The orc warrior escapes!
Something hits you. The orc attacks as you move away!
The orc barely misses you.
Casting: Foxfire (safe; 1% risk of failure)
Confirm with . or Enter, or press ? or * to list all spells.
Flames lash the orc warrior but do no damage.
Unknown command.
Casting: Scorch (safe; 1% risk of failure)
Confirm with . or Enter, or press ? or * to list all spells.
Flames lash something.
The orc warrior barely misses you.
Unknown command.
You hit the orc warrior.
The orc warrior looks even sicker.
You grab the orc warrior.
The orc warrior is moderately wounded.
You constrict the orc warrior, but do no damage.
The orc warrior closely misses you.
You hit the orc warrior but do no damage.
The orc warrior looks as sick as possible!
You squeeze the orc warrior, but do no damage.
The orc warrior is moderately wounded.
You constrict the orc warrior, but do no damage.
The orc warrior hits you with a +0 dire flail!
You whack the orc warrior!
The orc warrior looks as sick as possible!
You tentacle-slap the orc warrior, but do no damage.
The orc warrior is severely wounded.
You constrict the orc warrior, but do no damage.
The orc warrior hits you with a +0 dire flail!!
You die...

## #.#...#.#
#.#...#†######
#.#..........#
#.......####.#
###...### #.#
#..#######.##
.............#
#.....###..#..#
#######.).##@.####
#o.#.)o.....# #!.
#..#..#..# o..
#..#..#..#


o.o #.....# .# 8o #..#.## .# 8 #...... #........ #..#.#### You could see an orc
warrior (extremely poisoned).

Vanquished Creatures
  A sky beast (D:4)
  A bullfrog (D:4)
  3 scorpions
  A hound (D:4)
  An orc priest (D:5)
  An iguana (D:4)
  11 gnolls
  7 adders
  An ufetubus (D:4)
  2 worms
  2 dart slugs (D:1)
  8 orcs
  9 endoplasms
  8 giant cockroaches
  7 goblins
  7 hobgoblins
  A jackal (D:3)
  9 kobolds
  A quokka (D:2)
  2 ball pythons
  6 bats
  6 frilled lizards
  7 rats
102 creatures vanquished.

Vanquished Creatures (others)
  242 foxfires
242 creatures vanquished.

Grand Total: 344 creatures vanquished

Notes
Turn   | Place    | Note
-------+----------+-------------------------------------------
     0 | D:1      | Conn the Octopode Fire Elementalist began the quest for the
                  | Orb.
     0 | D:1      | Reached XP level 1. HP: 11/11 MP: 3/3
   201 | D:1      | Reached XP level 2. HP: 15/17 MP: 0/5
   708 | D:1      | Reached XP level 3. HP: 21/21 MP: 4/6
  1583 | D:2      | Reached skill level 1 in Short Blades
  1583 | D:2      | Reached skill level 3 in Stealth
  1705 | D:2      | Reached XP level 4. HP: 27/27 MP: 7/7
  1747 | D:2      | Found a faded altar of an unknown god.
  1954 | D:2      | Noticed a scorpion
  1959 | D:2      | Killed a scorpion
  1960 | D:2      | Reached XP level 5. HP: 30/32 MP: 3/8
  2270 | D:3      | Found a sparkling altar of Nemelex Xobeh.
  2460 | D:3      | Identified the +9 whip of Baosuapu {venom, Will+}
  2594 | D:3      | Reached skill level 4 in Stealth
  2894 | D:3      | Reached XP level 6. HP: 31/37 MP: 3/10
  3378 | D:3      | Learned a level 2 spell: Scorch
  3382 | D:3      | Learned a level 3 spell: Kindle Blastsparks
  3386 | D:3      | Learned a level 3 spell: Inner Flame
  3487 | D:4      | Reached skill level 1 in Fighting
  3845 | D:4      | Noticed a sky beast
  3849 | D:4      | Reached skill level 1 in Maces & Flails
  3849 | D:4      | Reached XP level 7. HP: 35/43 MP: 1/12
  4345 | D:5      | Entered Level 5 of the Dungeon
  4496 | D:5      | Found a shadowy altar of Dithmenos.
  4500 | D:5      | Found a sacrificial altar of Ru.
  4580 | D:5      | Reached skill level 5 in Stealth
  4703 | D:5      | Slain by an orc warrior

Illustrated notes

Levels and vault maps discovered:
D:1:      dpeg_arrival_prison, layout_loops_ring, minmay_splitting_lines,
          roderic_serpentine_path, nicolae_figureground_pulse
D:2:      layout_loops_corners, basic_ecumenical_altar
D:3:      kb_forest_paths, layout_loops_corners,
          nemelex_xobeh_ov_fountains_minmay, hangedman_feature_mirror
D:4:      layout_cave_pools
D:5:      layout_loops_cross, grunt_temple_overflow_open,
          guppyfry_early_orc_mine

Skill      XL: |  1  2  3  4  5  6  7 |
---------------+----------------------+-----
Short Blades   | 1 2 |  2.1
Stealth        | 3 4 5 |  5.1
Fire Magic     | 4 |  4.9
Conjurations   | 2 |  2.9
Spellcasting   | 3 4 |  4.0
Fighting       | 1 |  1.6
Maces & Flails | 1 |  1.9
Dodging        | |  2.4

Action                   |  1- 3 |  4- 6 |  7- 9 || total
-------------------------+-------+-------+-------++-------
Melee: Unarmed           |     5 |       |       ||     5
       Constrict         |    11 |     8 |     4 ||    23
       Tentacles         |     9 |     4 |     4 ||    17
       Dagger            |    38 |     2 |       ||    40
       Whip              |       |    43 |    14 ||    57
       Rapier            |       |     7 |       ||     7
       Punch             |       |       |     1 ||     1
 Cast: Foxfire           |    45 |    64 |    30 ||   139
       Scorch            |       |       |     4 ||     4
 Stab: Sleeping          |     5 |    10 |     1 ||    16
Armor: Skin              |     4 |     1 |     1 ||     6
Dodge: Dodged            |    37 |    27 |    11 ||    75

Table legend: (Time is in decaauts)
 A = Elapsed time spent in this place.
 B = Non-inter-level travel time spent in this place.
 C = Inter-level travel time spent in this place.
 D = Time resting spent in this place.
 E = Time spent auto-exploring this place.
 F = Levels seen in this place.
 G = Mean time per level.
                   A        B        C        D        E       F      G
               +--------+--------+--------+--------+--------+-----+--------+
         Total |   4705 |   4607 |     98 |     68 |   3341 |   5 |  941.0 |
       Dungeon |   4705 |   4607 |     98 |     68 |   3341 |   5 |  941.0 |
               +--------+--------+--------+--------+--------+-----+--------+

Top non-repeatable levels by time:
     D:3: 1380 daAuts
     D:1: 1217 daAuts
     D:2: 1035 daAuts
     D:4: 714 daAuts
     D:5: 358 daAuts
